 Dungeon Crawl Stone Soup version 0.18.1-6-gd335043 (webtiles) character file.

10159 HungrySpirit the Slicer (level 11, 0/71 HPs)
             Began as a Tengu Enchanter on May 20, 2016.
             Was a High Priest of Okawaru.
             Slain by a vampire mosquito (9 damage)
             ... on level 11 of the Dungeon.
             The game lasted 00:33:14 (16894 turns).

HungrySpirit the Slicer (Tengu Enchanter)          Turns: 16894, Time: 00:33:14

Health: 0/71       AC:  5    Str:  9    XL:     11   Next: 57%
Magic:  13/13      EV: 21    Int: 15    God:    Okawaru [*****.]
Gold:   580        SH:  0    Dex: 21    Spells: 2 memorised, 11 levels left

rFire  . . .     SeeInvis .     G - +12 dagger of Arerimm {pierce, rPois rN+}
rCold  . . .     Gourm    .     b - +1 robe
rNeg   + . .     Faith    .     (no shield)
rPois  +         Spirit   .     (helmet restricted)
rElec  .         Dismiss  .     D - +0 cloak
rCorr  .         Reflect  .     (no gloves)
SustAt .         Harm     .     (boots unavailable)
MR     .....                    (no amulet)
Stlth  +.........               i - ring of poison resistance
                                A - +3 ring of dexterity

@: confused, manticore barbs, not resistant to hostile enchantments, very
unstealthy
A: antennae 1, beak, talons 3, rugged brown scales 1, low mp 1, regeneration 1,
able to fly 1
a: Fly, Heroism, Finesse, Renounce Religion


You were on level 11 of the Dungeon.
You worshipped Okawaru.
Okawaru was extremely pleased with you.
You were very hungry.

You visited 2 branches of the dungeon, and saw 12 of its levels.

You collected 580 gold pieces.

Inventory:

Hand Weapons
 t - a +0 rapier
 E - a +1 scimitar of flaming
 G - the +12 dagger of Arerimm (weapon) {pierce, rPois rN+}
   (You found it on level 9 of the Dungeon)

   It inflicts extra damage upon your enemies.
   It protects you from poison.
   It protects you from negative energy.
Armour
 b - a +1 robe (worn)
 D - a +0 cloak (worn)
Jewellery
 e - an uncursed ring of ice
 g - an uncursed ring of wizardry
 i - a ring of poison resistance (right hand)
 s - an uncursed ring of fire
 A - a +3 ring of dexterity (left hand)
Wands
 j - a wand of digging (3/24)
 v - a wand of confusion (0/48)
Scrolls
 f - 4 scrolls of fog
 l - 3 scrolls of magic mapping
 n - 4 scrolls of remove curse
 o - a scroll of amnesia {unknown}
 p - 4 scrolls of identify
 r - a scroll of enchant weapon {unknown}
 u - a scroll of enchant armour {unknown}
 y - 2 scrolls of blinking {unknown}
 C - a scroll of summoning {unknown}
 I - a scroll of recharging {unknown}
 M - a scroll of teleportation
Potions
 x - a potion of ambrosia
 B - a potion of cure mutation
 J - a potion of haste
Books
 c - a book of Maledictions

   Spells                             Type                      Level
   a - Corona                         Hexes                        1
   b - Ensorcelled Hibernation        Hexes/Ice                    2
   c - Confuse                        Hexes                        3
   d - Tukima's Dance                 Hexes                        3
   e - Dazzling Spray                 Conjuration/Hexes            3
 K - a book of the Warp

   Spells                             Type                      Level
   a - Recall                         Summoning/Translocation      3
   b - Gell's Gravitas                Hexes/Translocation          3
   c - Force Lance                    Conjuration/Translocation    4
   d - Warp Weapon                    Charms/Translocation         5
   e - Summon Forest                  Summoning/Translocation      5
 L - a book of Death

   Spells                             Type                      Level
   a - Corpse Rot                     Necromancy                   2
   b - Sublimation of Blood           Necromancy                   2
   c - Agony                          Necromancy                   5
   d - Dispel Undead                  Necromancy                   5
   e - Excruciating Wounds            Charms/Necromancy            5
   f - Bolt of Draining               Conjuration/Necromancy       5
Comestibles
 a - 2 chunks of flesh
 d - 8 bread rations
 k - a royal jelly
 q - 6 meat rations
 w - 21 fruits
 z - 6 slices of pizza
 F - 2 beef jerkies


   Skills:
 + Level 8.5 Fighting
 - Level 10.5(11.7) Short Blades
 * Level 8.8(10.9) Long Blades
 + Level 10.0 Dodging
 - Level 3.0 Stealth
 - Level 2.0 Spellcasting
 - Level 2.1 Hexes
 - Level 3.0 Ice Magic


You had 11 spell levels left.
You knew the following spells:

 Your Spells              Type           Power        Failure   Level  Hunger
a - Corona                Hex            #......      12%         1    #......
b - Ensorcelled Hibernat  Hex/Ice        #.....       12%         2    ###....


Dungeon Overview and Level Annotations

Branches:
Dungeon (11/15)            Temple (1/1) D:5            Lair (0/8) D:9
    Orc (0/2) D:11

Altars:
Ashenzari
Dithmenos
Elyvilon
Fedhas
Gozag
Kikubaaqudgha
Makhleb
Nemelex Xobeh
Okawaru
Pakellas
Qazlal
Ru
Trog
Vehumet
Xom
Yredelemnul
Zin
The Shining One

Shops:
D:4 [   D:5 [   D:11 ?%

Annotations:
D:5 Prince Ribbit


Innate Abilities, Weirdness & Mutations

You have a beak for a mouth.
You have claws for feet.
You can fly.
You have a pair of small antennae on your head.
You are partially covered in rugged brown scales (AC +1, +3% HP).
Your magical capacity is low (-10% MP).
Your natural rate of healing is unusually fast.


Message History

You hit the vampire mosquito.
The vampire mosquito is severely damaged.
The vampire mosquito bites you!
* * * LOW HITPOINT WARNING * * *
The vampire mosquito bites you.
* * * LOW HITPOINT WARNING * * *
Read which item? (? for menu, Esc to quit)
Okay, then.
Drink which item? (? for menu, Esc to quit)
Okay, then.
Drink which item? (? for menu, Esc to quit)
You are confused.
You feel invigorated. The vampire mosquito barely misses you.
The vampire mosquito bites you but does no damage.
You're too confused to attack without stumbling around!
The barbs in your skin will harm you if you move.
Continue?
Okay, then.
The vampire mosquito closely misses you.
The vampire mosquito bites you!
You die...

#.###.#....# #...#
#.##.......# #...#
#.##..#....#
######...###.##>......##
#.......................
...[.......<..#..[....
..........###.....#.
#yy.###### #...#.#.
#y@.# #...#.#. #...#
#....... #...# #.......
####...### #.#.>#..
#....%...# #.#.....
#........# #.####..
##........######.......
.................######.
###........####...# ##


You could see 3 vampire mosquitoes.

Vanquished Creatures
  Erolcha (D:10)
  A hydra (D:10)
  Erica (D:9)
  2 manticores (D:11)
  A gargoyle (D:11)
  Grinder (D:4)
  2 yaks (D:10)
  A vampire (D:11)
  A wraith (D:10)
  A wyvern (D:9)
  Eustachio (D:5)
  2 hippogriffs (D:10)
  A vampire mosquito (D:11)
  3 orc warriors
  2 sky beasts
  A black bear (D:10)
  2 phantoms (D:9)
  14 ogres
  A wasp (D:7)
  A necrophage (D:6)
  5 centaurs
  Blork the orc (D:5)
  5 big kobolds
  4 giant frogs
  3 scorpions
  A water moccasin skeleton (D:7)
  3 killer bees (D:10)
  8 wights
  5 howler monkeys
  2 centaur zombies
  4 crimson imps
  A wasp zombie (D:9)
  5 jellies
  4 orc priests
  6 hounds
  7 orc wizards
  2 iguanas
  9 worker ants
  A killer bee zombie (D:5)
  2 sheep (D:10)
  A hound skeleton (D:9)
  A howler monkey zombie (D:5)
  A worker ant zombie (D:5)
  A howler monkey skeleton (D:6)
  3 gnolls
  16 adders
  3 shadow imps
  An adder skeleton (D:5)
  6 worms
  The ghost of Scarto the Covered, a weakling DDFi (D:6)
  4 dart slugs
  4 giant geckos
  42 orcs
  3 giant cockroaches
  10 goblins
  6 hobgoblins
  17 jackals
  6 quokkas
  A ball python (D:5)
  8 bats
  6 giant newts
  12 kobolds
  A quokka zombie (D:6)
  6 rats
278 creatures vanquished.

Notes
Turn   | Place    | Note
--------------------------------------------------------------
     0 | D:1      | HungrySpirit the Tengu Enchanter began the quest for the Orb.
     0 | D:1      | Reached XP level 1. HP: 10/10 MP: 4/4
   190 | D:1      | Reached XP level 2. HP: 12/16 MP: 6/6
   831 | D:1      | Reached skill level 1 in Fighting
   845 | D:1      | Reached XP level 3. HP: 2/20 MP: 5/7
  1146 | D:1      | Learned a level 2 spell: Ensorcelled Hibernation
  2679 | D:2      | Reached XP level 4. HP: 5/25 MP: 3/8
  2922 | D:2      | Found a burning altar of Makhleb.
  3889 | D:3      | Gained mutation: You can fly. [Tengu growth]
  3889 | D:3      | Reached XP level 5. HP: 23/29 MP: 9/9
  4369 | D:4      | Found Lipreree's Antique Armour Shop.
  4421 | D:4      | Found an opulent altar of Gozag.
  4578 | D:4      | Noticed an ogre
  4591 | D:4      | Reached XP level 6. HP: 28/36 MP: 5/10
  4603 | D:4      | Reached skill level 5 in Short Blades
  5310 | D:4      | Reached XP level 7. HP: 41/41 MP: 6/11
  6198 | D:4      | Found a stormy altar of Qazlal.
  6282 | D:5      | Entered Level 5 of the Dungeon
  6391 | D:5      | Noticed Blork the orc
  6397 | D:5      | Found Bikh's Armour Shoppe.
  6400 | D:5      | Killed Blork the orc
  6407 | D:5      | Found a staircase to the Ecumenical Temple.
  6600 | Temple   | Entered the Ecumenical Temple
  6607 | Temple   | Became a worshipper of Warmaster Okawaru
  6650 | D:5      | Reached skill level 5 in Dodging
  6650 | D:5      | Reached skill level 1 in Ice Magic
  6729 | D:5      | Gained mutation: You have a pair of small antennae on your head. [potion of mutation]
  6729 | D:5      | Gained mutation: Your magical capacity is low (-10% MP). [potion of mutation]
  6729 | D:5      | Gained mutation: You are partially covered in rugged brown scales (AC +1, +3% HP). [potion of mutation]
  6802 | D:5      | Found a radiant altar of Vehumet.
  6803 | D:5      | Noticed Grinder
  6817 | D:5      | Noticed Eustachio
  6845 | D:4      | Paralysed by Grinder for 2 turns
  6881 | D:4      | Killed Grinder
  6881 | D:4      | Reached * piety under Okawaru
  6881 | D:4      | Reached XP level 8. HP: 12/49 MP: 10/10
  7132 | D:5      | Killed Eustachio
  7337 | D:5      | Noticed Prince Ribbit
  7964 | D:6      | Found an ancient bone altar of Kikubaaqudgha.
  8757 | D:6      | Reached XP level 9. HP: 54/54 MP: 11/11
  8922 | D:6      | Noticed Scarto's ghost (weakling DDFi)
  9482 | D:6      | Reached skill level 5 in Fighting
  9537 | D:6      | Killed Scarto's ghost
 10172 | D:7      | Found a basalt altar of Yredelemnul.
 10228 | D:7      | Reached ** piety under Okawaru
 10577 | D:7      | Found a sparkling altar of Nemelex Xobeh.
 11995 | D:8      | Reached skill level 10 in Short Blades
 12421 | D:7      | Reached *** piety under Okawaru
 12421 | D:7      | Reached XP level 10. HP: 32/61 MP: 3/12
 12825 | D:8      | Noticed a hill giant
 13236 | D:8      | Found a blossoming altar of Fedhas.
 13648 | D:9      | Reached skill level 1 in Long Blades
 13974 | D:9      | Found a white marble altar of Elyvilon.
 14324 | D:9      | Found a staircase to the Lair.
 14330 | D:9      | Noticed Erica
 14350 | D:9      | Killed Erica
 14717 | D:9      | Got a twisted dagger
 14718 | D:9      | Identified the +12 dagger of Arerimm {pierce, rPois rN+} (You found it on level 9 of the Dungeon)
 15183 | D:10     | Entered Level 10 of the Dungeon
 15253 | D:10     | Noticed Erolcha
 15258 | D:10     | Killed Erolcha
 15258 | D:10     | Reached **** piety under Okawaru
 15258 | D:10     | Reached skill level 5 in Long Blades
 15413 | D:10     | Received a gift from Okawaru
 15758 | D:10     | Reached XP level 11. HP: 48/70 MP: 9/13
 16056 | D:10     | Noticed a two-headed hydra
 16057 | D:10     | Gained mutation: Your natural rate of healing is unusually fast. [potion of beneficial mutation]
 16067 | D:10     | Killed a two-headed hydra
 16067 | D:10     | Reached ***** piety under Okawaru
 16323 | D:10     | Found an iron altar of Okawaru.
 16541 | D:11     | Noticed a manticore
 16544 | D:11     | Found a staircase to the Orcish Mines.
 16547 | D:11     | Killed a manticore
 16797 | D:11     | Found Fiypp's Food Shop.
 16826 | D:11     | Found Wagir's Magic Scroll Emporium.
 16870 | D:11     | Noticed a manticore
 16882 | D:11     | Killed a manticore
 16889 | D:11     | Reached skill level 10 in Dodging
 16892 | D:11     | HP: 2/71 [vampire mosquito (4)]
 16894 | D:11     | Slain by a vampire mosquito

Skill      XL: |  1  2  3  4  5  6  7  8  9 10 11 |
---------------+----------------------------------+-----
Short Blades   | 2 3 4 5 7 8 10 | 10.5
Fighting       | 1 2 3 4 6 7 8 |  8.5
Dodging        | 3 4 5 6 7 9 10 | 10.0
Ice Magic      | 1 2 3 |  3.0
Long Blades    | 6 8 |  8.8
Stealth        | |  3.0
Spellcasting   | |  2.0
Hexes          | |  2.1

Action                   |  1- 3 |  4- 6 |  7- 9 | 10-12 || total
-------------------------+-------+-------+-------+-------++-------
Melee: Dagger            |   113 |   141 |   391 |   232 ||   877
       Peck              |    16 |    25 |   137 |    90 ||   268
       Kick              |    15 |    28 |   193 |   115 ||   351
       Rapier            |       |       |   285 |   189 ||   474
Throw: Throwing net      |       |       |       |     3 ||     3
 Cast: Corona            |     1 |       |       |       ||     1
       Ensorcelled Hiber |    10 |    29 |    42 |     8 ||    89
Invok: Heroism           |       |       |       |     2 ||     2
Evoke: Wand              |       |       |    10 |       ||    10
  Use: Potion            |       |     5 |     5 |     9 ||    19
       Scroll            |       |       |     5 |     2 ||     7
 Stab: Sleeping          |     7 |    14 |    21 |     7 ||    49
       Confused          |       |       |     2 |       ||     2
       Distracted        |       |       |     4 |       ||     4
       Held in net/web   |       |       |       |     1 ||     1
  Eat: Chunk             |     5 |    12 |    20 |     6 ||    43
       Fruit             |       |       |    10 |     6 ||    16
Armor: Robe              |    24 |    18 |    58 |    33 ||   133
       Skin              |       |       |     5 |    11 ||    16
Dodge: Dodged            |    70 |   102 |   382 |   246 ||   800
